 Dungeon Crawl Stone Soup version 0.29-a0-340-g6efceafd81 (webtiles) character file.

Game seed: 10241170564284832505

595 siradein the Skirmisher (level 7, 0/38 HPs)
             Began as a Vine Stalker Berserker on Apr 19, 2022.
             Was a Believer of Trog.
             Killed by divine providence
             ... invoked by an orc priest
              (11 damage)
             ... on level 4 of the Dungeon.
             The game lasted 00:06:33 (3470 turns).

siradein the Skirmisher (Vine Stalker Berserker)    Turns: 3470, Time: 00:06:33

Health: 0/38       AC: 13    Str: 20    XL:     7   Next: 40%
Magic:  0/8        EV:  7    Int:  7    God:    Trog [**....]
Gold:   272        SH:  0    Dex: 21    Spells: 6/6 levels left

rFire   . . .      SeeInvis .   a - +0 short sword
rCold   . . .      Faith    .   (no shield)
rNeg    . . .      Spirit   +   r - +1 plate armour {rPois}
rPois   +          Reflect  .   b - +0 helmet
rElec   .          Harm     .   (no cloak)
rCorr   .          Rampage  .   (no gloves)
Will    .....                   (no boots)
Stlth   ..........              (no amulet)
HPRegen 0.92/turn               k - ring of Noon {Wiz Stlth+}
MPRegen 0.11/turn               o - +6 ring of dexterity

@: no status effects
A: fangs 2, regeneration 1, magic shield, antimagic bite, no potion heal 2
a: Renounce Religion, Berserk, Trog's Hand


You were on level 4 of the Dungeon.
You worshipped Trog.
Trog was pleased with you.
You visited 1 branch of the dungeon, and saw 6 of its levels.

You collected 272 gold pieces.

Inventory:

Hand Weapons
 a - a +0 short sword (weapon)
Armour
 b - a +0 helmet (worn)
 r - a +1 plate armour of poison resistance (worn)
Jewellery
 k - the ring of Noon (left hand) {Wiz Stlth+}
   (You found it on level 2 of the Dungeon)

   [ring of wizardry]

   It improves your spell success rate.
   Stlth:     It makes you more stealthy.
 n - a ring of flight
 o - a +6 ring of dexterity (right hand)
Wands
 f - a wand of polymorph (4)
 m - a wand of acid (10)
Scrolls
 c - 2 scrolls of summoning {unknown}
 d - 3 scrolls of teleportation {unknown}
 i - a scroll of immolation {unknown}
 l - a scroll of amnesia {unknown}
 p - a scroll of holy word {unknown}
 q - a scroll of blinking {unknown}
Potions
 e - a potion of mutation {unknown}
 g - 2 potions of lignification
 h - 3 potions of curing
 j - a potion of flight


   Skills:
 + Level 4.4 Fighting
 + Level 4.3 Short Blades
 + Level 3.5 Armour
 + Level 3.5 Dodging


You had 6 spell levels left.
You didn't know any spells.
Your spell library was empty.

Dungeon Overview and Level Annotations

Branches:
Dungeon (6/15)
 Temple: D:4-7

Altars:

Shops:
D:3 (

Annotations:
D:3 1 runed translucent door, Crazy Yiuf


Innate Abilities, Weirdness & Mutations

You have extremely sharp teeth.
Your natural rate of healing is unusually fast.
When hurt, damage is shared between your health and your magic reserves.
Your bite disrupts and absorbs the magic of your enemies.
Potions cannot restore your health.


Message History

A hobgoblin is nearby!
A hobgoblin is nearby!
You hit the hobgoblin but do no damage. Your bite misses the hobgoblin.
The hobgoblin hits you but does no damage.
You hit the hobgoblin. You bite the hobgoblin. You drain its power.
The hobgoblin is almost dead.
The hobgoblin hits you but does no damage.
You hit the hobgoblin.
You kill the hobgoblin!
Trog accepts your kill.
No target in view!
No target in view!
Found 13 stones.
Found a stone staircase leading down.
An orc priest and an ogre come into view.
The orc priest shouts!
You hear a shout!
You hear an angry hiss.
There are monsters nearby!
There are monsters nearby!
There are monsters nearby!
An orc comes into view. It is wielding a +0 whip.
The orc shouts!
An orc priest comes into view. It is wielding a +0 club.
The orc priest shouts!
You hear an angry hiss.
You see here 13 stones.
The adder hisses angrily.
The ogre hits you with a +0 giant club!!
The orc priest looks braver for a moment.
You barely miss the ogre. You barely miss the ogre.
You bite the ogre, but do no damage. The ogre hits you with a +0 giant club!
You are too injured to fight recklessly!
You are too injured to fight recklessly!
You are too injured to fight recklessly!
You see here 13 stones.
The orc priest mumbles some strange prayers to Beogh against you.
Beogh smites you!
* * * LOW HITPOINT WARNING * * *
An adder comes into view.
The orc priest mumbles some strange prayers to Beogh against you.
Beogh smites you!
You die...

##.#..# #..
###.####.....####
#..
......)..........
#..
###.####.....####.
.......#
####..........
########
#....#)#.####
#..........####.###
###.###............
#.###..#@####.###
#.....†........#
#..##..#.####..#
......>#O# #
#..##.#..#####.# .#
#.....o.....#.# ##
#......#..........
#.
#.#.##.##o###.#.#
#.:##. #..#. #.##(#
#.....


You could see an ogre and an orc priest.

Vanquished Creatures
  Sigmund (D:3)
  A water moccasin (D:5)
  2 phantoms (D:5)
  A scorpion (D:3)
  An orc priest (D:3)
  An iguana (D:5)
  2 adders (D:2)
  An ufetubus (D:3)
  2 worms
  5 orcs (D:3)
  4 endoplasms
  2 giant cockroaches
  6 goblins
  3 hobgoblins
  3 jackals (D:2)
  3 quokkas
  5 ball pythons
  A bat (D:2)
  6 kobolds
  2 rats (D:3)
52 creatures vanquished.

Vanquished Creatures (others)
  4 fungi (D:3)
4 creatures vanquished.

Grand Total: 56 creatures vanquished

Notes
Turn   | Place    | Note
-------+----------+-------------------------------------------
     0 | D:1      | siradein the Vine Stalker Berserker began the quest for the
                  | Orb.
     0 | D:1      | Reached XP level 1. HP: 11/11 MP: 2/2
   503 | D:1      | Reached XP level 2. HP: 16/16 MP: 3/3
  1236 | D:2      | Reached XP level 3. HP: 18/20 MP: 4/4
  1776 | D:2      | Identified the ring of Noon {Wiz Stlth+}
  2483 | D:3      | Found Biriziuq's Antique Weapon Shop.
  2605 | D:3      | Gained mutation: Your natural rate of healing is unusually
                  | fast. [Vine Stalker growth]
  2605 | D:3      | Reached XP level 4. HP: 24/24 MP: 5/5
  2625 | D:3      | You fall into a shaft and drop 3 floors!
  2635 | D:5      | Entered Level 5 of the Dungeon
  2646 | D:5      | Noticed a scorpion
  2666 | D:5      | Noticed a water moccasin
  2677 | D:5      | Killed a water moccasin
  2678 | D:5      | Reached XP level 5. HP: 16/28 MP: 6/6
  2740 | D:5      | HP: 1/28 [iguana (5)]
  2757 | D:5      | Noticed a phantom
  2773 | D:5      | Killed a phantom
  2774 | D:5      | Reached XP level 6. HP: 24/33 MP: 7/7
  3037 | D:3      | Found a faded altar of an unknown god.
  3132 | D:3      | Reached XP level 7. HP: 37/37 MP: 8/8
  3212 | D:3      | Noticed Sigmund
  3225 | D:3      | Killed Sigmund
  3225 | D:3      | Reached ** piety under Trog
  3374 | D:3      | Found a runed translucent door.
  3375 | D:3      | Noticed Crazy Yiuf
  3470 | D:4      | Killed from afar by an orc priest

Illustrated notes

Levels and vault maps discovered:
D:1:      minmay_arrival_diagonal_passages, layout_rooms
D:2:      layout_basic, lemuel_another_geyser
D:3:      layout_rooms, basic_ecumenical_altar, serial_shops,
          nicolae_shop_hallway_plus, uniq_crazy_yiuf_cottage, uniq_sigmund
D:4:      layout_loops_ring, kennysheep_decorative_pillar, uniq_grinder
D:5:      minmay_diamond_boxcup, layout_gridville
D:6:      layout_cave_pools, mainiacjoe_overflow_catwalk_spiral, uniq_edmund

Skill      XL: |  1  2  3  4  5  6 |
---------------+-------------------+-----
Fighting       | 3 4 |  4.4
Short Blades   | 3 4 |  4.3
Armour         | 2 3 |  3.5
Dodging        | 2 3 |  3.5

Action                   |  1- 3 |  4- 6 |  7- 9 || total
-------------------------+-------+-------+-------++-------
Melee: Short sword       |   126 |    87 |    24 ||   237
       Bite              |    23 |    27 |     9 ||    59
       Punch             |     1 |       |       ||     1
Invok: Berserk           |       |     1 |       ||     1
  Use: Scroll            |     5 |       |       ||     5
 Stab: Sleeping          |     2 |       |       ||     2
Armor: Ring mail         |    32 |    21 |       ||    53
       Plate armour      |       |     7 |     4 ||    11
Dodge: Dodged            |    71 |    59 |     1 ||   131

Table legend: (Time is in decaauts)
 A = Elapsed time spent in this place.
 B = Non-inter-level travel time spent in this place.
 C = Inter-level travel time spent in this place.
 D = Time resting spent in this place.
 E = Time spent auto-exploring this place.
 F = Levels seen in this place.
 G = Mean time per level.
                   A        B        C        D        E       F      G
               +--------+--------+--------+--------+--------+-----+--------+
         Total |   3461 |   3399 |     62 |      4 |   2705 |   6 |  576.8 |
       Dungeon |   3461 |   3399 |     62 |      4 |   2705 |   6 |  576.8 |
               +--------+--------+--------+--------+--------+-----+--------+

Top non-repeatable levels by time:
     D:2: 1471 daAuts
     D:1: 883 daAuts
     D:3: 684 daAuts
     D:4: 222 daAuts
     D:5: 189 daAuts
     D:6: 9 daAuts
